 Dungeon Crawl Stone Soup version 0.28.0 (webtiles) character file.

Game seed: 2569992746956282476

3084 enile the Fighter (level 9, -1/81 HPs)
             Began as a White Draconian Transmuter on Feb 17, 2022.
             Was a Priest of Fedhas.
             Killed from afar by a balrug (8 damage)
             ... with a bolt of fire
             ... on level 1 of the Abyss on Feb 18, 2022.
             The game lasted 00:57:42 (12601 turns).

enile the Fighter (White Draconian Transmuter)     Turns: 12601, Time: 00:57:42

Health: -1/81      AC:  8    Str: 11 (12) XL:     9   Next: 58%
Magic:  13/13      EV: 13    Int: 10 (13) God:    Fedhas [***...]
Gold:   407        SH:  0    Dex: 14 (15) Spells: 10/14 levels left

rFire   + + .      SeeInvis +   a - +4 long sword of Keag {venom, Stlth+}
rCold   + . .      Faith    .   (no shield)
rNeg    . . .      Spirit   .   (armour unavailable)
rPois   .          Reflect  .   (helmet restricted)
rElec   .          Harm     .   G - +0 cloak
rCorr   .          Rampage  .   (no gloves)
Will    .....                   (no boots)
Stlth   ++........              (no amulet)
HPRegen 0.23/turn               E - ring of ice
MPRegen 0.13/turn               K - ring of Piqykh {rF+++ rC- Dex+2 SInv Stlth-}

@: no status effects
A: breathe frost, AC +7, unfitting armour, cold resistance 1, cold-blooded,
[dopey 2]
a: Breathe Frost, Renounce Religion, Wall of Briars, Grow Ballistomycete


You were on level 1 of the Abyss.
You worshipped Fedhas.
Fedhas was most pleased with you.
You visited 1 branch of the dungeon, and saw 9 of its levels.
You visited the Abyss 1 time.
You also visited: Sewer.

You collected 407 gold pieces.

Inventory:

Hand Weapons
 a - the +4 long sword of Keag (weapon) {venom, Stlth+}
   (You found it on level 5 of the Dungeon)

   It poisons the flesh of those it strikes.
   Stlth:     It makes you more stealthy.
 b - the +6 trident of Gloom {flame, rElec Str+3 Int-3}
   (You found it on level 4 of the Dungeon)

   It burns those it strikes, dealing additional fire damage.
   Str:       It affects your strength (+3).
   Int:       It affects your intelligence (-3).
   rElec:     It insulates you from electricity.
 g - a +0 flail
 j - a +0 war axe
 n - a +0 short sword
 F - a +4 quarterstaff of chaos
 J - a +0 short sword of electrocution
 N - a +3 dire flail
 O - a +0 rapier of holy wrath
Missiles
 f - 6 boomerangs
 m - 3 poisoned darts (quivered)
 P - 2 throwing nets
Armour
 G - a +0 cloak (worn)
 I - a +0 ring mail
 M - an orb of light
Jewellery
 E - a ring of ice (left hand)
 K - the ring of Piqykh (right hand) {rF+++ rC- Dex+2 SInv Stlth-}
   (You found it on level 7 of the Dungeon)

   [ring of see invisible]

   Dex:       It affects your dexterity (+2).
   rF:        It renders you almost immune to fire.
   rC:        It makes you vulnerable to cold.
   SInv:      It lets you see invisible.
   Stlth:     It makes you less stealthy.
Wands
 q - a wand of polymorph (2)
Scrolls
 d - 2 scrolls of silence
 k - 3 scrolls of teleportation
 l - 2 scrolls of immolation
 o - 2 scrolls of amnesia
 r - 2 scrolls of blinking
 w - a scroll of holy word {unknown}
 x - a scroll of fear {unknown}
 y - a scroll of brand weapon {unknown}
 z - 2 scrolls of vulnerability {unknown}
 C - a scroll of noise {unknown}
 D - a scroll of enchant armour {unknown}
 L - a scroll of fog {unknown}
Potions
 c - a potion of might
 e - 2 potions of curing
 h - a potion of flight
 p - a potion of degeneration
 s - 2 potions of mutation {unknown}
 t - 2 potions of invisibility {unknown}
 u - 2 potions of resistance {unknown}
 v - 2 potions of brilliance {unknown}
 A - a potion of haste {unknown}
 B - a potion of magic {unknown}
 H - a potion of lignification {unknown}
 Q - 2 potions of cancellation {unknown}


   Skills:
 - Level 8.0 Fighting
 - Level 2.0 Long Blades
 - Level 2.0(2.6) Axes
 - Level 2.6(3.0) Polearms
 - Level 2.0 Throwing
 - Level 4.4 Dodging
 - Level 3.0 Stealth
 - Level 3.0 Unarmed Combat
 - Level 3.0 Spellcasting
 + Level 4.7 Transmutations
 - Level 4.0 Ice Magic
 - Level 3.0 Poison Magic
 - Level 5.0 Invocations


You had 10 spell levels left.
You knew the following spells:

 Your Spells              Type           Power      Damage    Failure   Level
a - Beastly Appendage     Tmut           20%        N/A       4%          1
b - Spider Form           Tmut/Pois      9%         N/A       17%         3

Your spell library contained the following spells:

 Spells                   Type           Power      Damage    Failure   Level
 Sting                    Tmut/Pois      36%        1d4       6%          1
 Wereblood                Tmut           10%        N/A       6%          2
 Poisonous Vapours        Pois/Air       8%         N/A       22%         2
 Slow                     Hex            4%         N/A       28%         1
 Ice Form                 Ice/Tmut       15%        N/A       43%         4
 Confusing Touch          Hex            1%         N/A       63%         3
 Vampiric Draining        Necr           1%         2d6       63%         3
 Olgreb's Toxic Radiance  Pois           7%         N/A       63%         4


Dungeon Overview and Level Annotations

Branches:
Dungeon (9/15)             Temple (0/1) D:4           Sewer (visited)
   Lair: D:8-11         Orc: D:9-12

Altars:
Fedhas
Sif Muna

Annotations:
D:5 yief big crazy
D:9 exclusion: acid dragon, Psyche


Innate Abilities, Weirdness & Mutations

You can breathe waves of freezing cold which knock back foes.
Your icy white scales are hard. (AC +7)
You cannot fit into any form of body armour.
Your flesh is cold resistant. (rC+)
You are cold-blooded and may be slowed by cold attacks.
[You are very dopey. (Int -4)]


Message History

The sun demon is blown backwards by the freezing wind.
A briar patch grows up from the ground. x8
You can no longer transform dungeon walls and trees into plant allies.
The sun demon hits your briar patch!!
Your briar patch is destroyed!
Your briar patch disappears in a puff of smoke!
You walk carefully through the plants.
The sun demon hits you!
You are engulfed in flames.
You resist.
The sun demon hits your briar patch but does no damage.
The sun demon hits something but does no damage.
You have got your breath back.
Okay, then.
A small abomination comes into view.
A spriggan defender zombie comes into view.
The spriggan defender zombie closely misses you.
Press: ? - help, v - describe, . - travel
Here: a spriggan defender zombie The floor.
The spriggan defender zombie barely misses you.
The spriggan defender zombie hits you but does no damage.
The spriggan defender zombie hits you!
Press: ? - help, v - describe, . - travel The floor.
There is a cloud of translocational energy here.
A balrug and a small abomination come into view.
The balrug is wielding a +0 demon whip of electrocution.
The balrug shouts!
You hear a bark!
The spriggan defender zombie barely misses you.
You hear a bark!
The spriggan defender zombie hits you!
* * * LOW HITPOINT WARNING * * *
An iron imp comes into view.
The iron imp shouts, "Disclaim thyself, thou hateful dread-bolted pumpion!"
The balrug gestures at you.
The fireball explodes!
The fireball engulfs you! You resist.
* * * LOW HITPOINT WARNING * * *
The balrug gestures at you. The bolt of fire hits you! You resist.
You die...
Fedhas appreciates your contribution to the ecosystem.

#...##. #.....
.#.#.## #.2.#. ....
#..## ##.#...# .##
.####.##..#####§...
.........Z@........
.#.....#...........
##...###...#......
#...#. ........##
.## . #.#.#..###
.....##.....#
###..#......##
####.####5.# #. #.
#..#§##..#


You could see a balrug, an iron imp and a spriggan defender zombie.

Vanquished Creatures
  A troll (D:8)
  A shadow (D:8)
  3 yaks (D:5)
  3 steam dragons
  A water moccasin (D:9)
  A hornet zombie (D:6)
  2 orc warriors
  Pargi (Sewer)
  A black bear (D:6)
  A necrophage (D:6)
  A centaur (D:8)
  A bullfrog (D:6)
  A gnoll sergeant (D:8)
  4 wights
  2 centaur zombies
  2 hounds (D:5)
  An orc priest (D:5)
  A centaur skeleton (D:7)
  4 jellies
  A bullfrog skeleton (D:6)
  Crazy Yiuf (D:5)
  2 iguanas (D:4)
  4 orc wizards
  A hound skeleton (D:5)
  4 gnolls
  2 howler monkey skeletons
  2 adders (D:2)
  2 shadow imps
  2 white imps
  2 adder skeletons (D:4)
  3 worms (D:2)
  26 orcs
  6 bats
  7 endoplasms
  12 giant cockroaches
  2 goblins
  7 hobgoblins
  5 jackals
  5 quokkas
  9 ball pythons
  12 frilled lizards
  3 kobolds
  7 rats
  A spectral goblin (D:1)
160 creatures vanquished.

Vanquished Creatures (collateral kills)
  A hornet zombie (D:6)
  An adder (D:6)
  2 orcs (D:6)
4 creatures vanquished.

Vanquished Creatures (others)
  7 starspawn tentacles (Abyss:1)
7 creatures vanquished.

Grand Total: 171 creatures vanquished

Notes
Turn   | Place    | Note
-------+----------+-------------------------------------------
     0 | D:1      | enile the Draconian Transmuter began the quest for the Orb.
     0 | D:1      | Reached XP level 1. HP: 16/16 MP: 3/3
   128 | D:1      | Reached skill level 2 in Fighting
   352 | D:1      | Reached XP level 2. HP: 22/25 MP: 3/5
   567 | D:1      | Found a faded altar of an unknown god.
   570 | D:1      | Reached skill level 3 in Fighting
   584 | D:1      | Prayed at the altar of an unknown god.
   584 | D:1      | Became a worshipper of Fedhas Madash
   584 | D:1      | Reached * piety under Fedhas
   925 | D:1      | Reached XP level 3. HP: 31/31 MP: 6/6
  1006 | D:1      | Learned a level 3 spell: Spider Form
  1433 | D:2      | Reached ** piety under Fedhas
  1543 | D:2      | Reached skill level 1 in Axes
  1555 | D:2      | Reached XP level 4. HP: 35/38 MP: 5/7
  1932 | D:3      | Noticed an ogre
  3351 | D:4      | Reached skill level 4 in Fighting
  3362 | D:4      | Found a glowing drain.
  3372 | D:4      | Reached XP level 5. HP: 46/46 MP: 8/8
  3396 | D:4      | Identified the +6 trident of Gloom {flame, rElec Str+3
                  | Int-3}
  3418 | Sewer    | Entered a sewer
  3446 | Sewer    | Noticed Pargi
  3473 | Sewer    | Killed Pargi
  3474 | Sewer    | Reached skill level 1 in Invocations
  3532 | Sewer    | Reached *** piety under Fedhas
  3766 | D:4      | Found a staircase to the Ecumenical Temple.
  3950 | D:4      | Reached XP level 6. HP: 52/53 MP: 7/9
  4350 | D:4      | Found a shimmering blue altar of Sif Muna.
  4412 | D:5      | Entered Level 5 of the Dungeon
  4522 | D:5      | Reached skill level 5 in Fighting
  4619 | D:5      | Reached skill level 1 in Poison Magic
  4788 | D:5      | Found a runed translucent door.
  4789 | D:5      | Noticed Crazy Yiuf
  4964 | D:5      | Identified the +4 long sword of Keag {venom, Stlth+}
  4975 | D:5      | Reached skill level 1 in Polearms
  5380 | D:6      | Your scales start taking on an icy white colour.
  5380 | D:6      | Reached XP level 7. HP: 46/61 MP: 6/10
  5380 | D:6      | Gained mutation: Your flesh is cold resistant. (rC+) [White
                  | Draconian growth]
  6144 | D:6      | Noticed a yak
  6144 | D:6      | Noticed a yak
  6144 | D:6      | Noticed a yak
  6144 | D:6      | Noticed a yak
  6187 | D:6      | Noticed a steam dragon
  6497 | D:5      | Killed Crazy Yiuf
  7567 | D:6      | Reached skill level 6 in Fighting
  7949 | D:6      | Noticed a yak
  7963 | D:5      | Killed a yak
  7963 | D:5      | Reached **** piety under Fedhas
  7964 | D:5      | Reached XP level 8. HP: 48/70 MP: 11/11
  8705 | D:6      | Reached skill level 7 in Fighting
  9802 | D:5      | Reached skill level 8 in Fighting
 10082 | D:7      | Identified the ring of Piqykh {rF+++ rC- Dex+2 SInv Stlth-}
 10230 | D:7      | Reached skill level 1 in Stealth
 10426 | D:7      | Reached XP level 9. HP: 48/81 MP: 13/13
 10996 | D:8      | Noticed a troll
 11059 | D:8      | Killed a troll
 11595 | D:8      | Reached skill level 5 in Invocations
 12059 | D:8      | Reached skill level 1 in Long Blades
 12303 | D:9      | Noticed Psyche
 12311 | D:9      | Cast into level 1 of the Abyss (Psyche)
 12350 | Abyss:1  | Noticed a thrashing horror
 12386 | Abyss:1  | Noticed a sun demon
 12400 | Abyss:1  | Noticed a wretched star
 12400 | Abyss:1  | Noticed an Executioner
 12442 | Abyss:1  | Noticed a thrashing horror
 12472 | Abyss:1  | Noticed a sixfirhy
 12485 | Abyss:1  | Noticed a tentacled starspawn
 12598 | Abyss:1  | Noticed a balrug
 12601 | Abyss:1  | Killed from afar by a balrug

Illustrated notes

Levels and vault maps discovered:
D:1:      nagdon_arrival_zigzag_paths, layout_rooms,
          dreamdust_ecumenical_altar_drowned_temple,
          nicolae_concentric_dashed_squares_mild, minmay_heptomino_h4
D:2:      layout_rooms
D:3:      layout_basic
D:4:      layout_loops_ring, nicolae_sif_muna_little_library,
          minmay_temple_entry_grid, gup_sewer_entry_pipe
D:5:      layout_loops_ring, corexii_hall_statues_u, uniq_crazy_yiuf_cottage
D:6:      layout_basic, hangedman_abyss_or_decor_slice, minmay_puff
D:7:      layout_rooms
D:8:      layout_basic, kennysheep_generic_room_14
D:9:      layout_gridville, uniq_psyche
Abyss:1:  base:
D:6

Skill      XL: |  1  2  3  4  5  6  7  8  9 |
---------------+----------------------------+-----
Fighting       | 2 3 4 5 6 8 |  8.0
Transmutations | 3 4 |  4.7
Axes           | 1 2 |  2.0
Invocations    | 2 3 4 5 |  5.0
Dodging        | 2 3 4 |  4.4
Poison Magic   | 2 3 |  3.0
Polearms       | 1 2 |  2.6
Throwing       | 2 |  2.0
Spellcasting   | 3 |  3.0
Stealth        | 2 3 |  3.0
Ice Magic      | 4 |  4.0
Long Blades    | 2 |  2.0
Unarmed Combat | |  3.0

Action                   |  1- 3 |  4- 6 |  7- 9 || total
-------------------------+-------+-------+-------++-------
Melee: Unarmed           |    38 |     6 |     5 ||    49
       Kick              |    11 |     5 |     6 ||    22
       Tailslap          |     9 |    18 |    32 ||    59
       Headbutt          |    11 |     5 |     2 ||    18
       Flail             |    47 |       |       ||    47
       War axe           |    17 |    84 |       ||   101
       Punch             |     2 |     7 |     4 ||    13
       Trident           |       |    88 |    65 ||   153
       Long sword        |       |    18 |    90 ||   108
Throw: Throwing net      |       |     1 |     2 ||     3
       Dart              |       |     2 |    30 ||    32
       Boomerang         |       |       |     5 ||     5
 Cast: Beastly Appendage |    11 |     4 |     2 ||    17
       Spider Form       |       |     2 |     2 ||     4
Invok: Wall of Briars    |       |     2 |     6 ||     8
 Abil: Breathe Frost     |       |       |    27 ||    27
  Use: Scroll            |       |     9 |     3 ||    12
       Potion            |       |       |     2 ||     2
 Stab: Sleeping          |       |     2 |     1 ||     3
Armor: Skin              |    47 |    45 |    62 ||   154
Dodge: Dodged            |    98 |   124 |   141 ||   363
